 Dungeon Crawl Stone Soup version 0.30-a0-924-g0ad0bf95bc (webtiles) character file.

Game seed: 529140873337423279

802 cforsyth the Basher (level 8, 0/58 HPs)
             Began as a Human Fighter on Mar 22, 2023.
             Slain by Menkaure (14 damage)
             ... on level 5 of the Dungeon.
             The game lasted 00:05:18 (4654 turns).

cforsyth the Basher (Human Fighter)                 Turns: 4654, Time: 00:05:18

Health: 0/58       AC:  8    Str: 18    XL:     8   Next: 14%
Magic:  8/8        EV: 14    Int: 10    God:
Gold:   520        SH:  4    Dex: 12    Spells: 7/7 levels left

rFire   . . .      SeeInvis .    a - +0 flail
rCold   . . .      Faith    .    c - +0 buckler
rNeg    . . .      Spirit   .    b - +0 scale mail
rPois   .          Reflect  .    (no helmet)
rElec   .          Rampage  .    (no cloak)
rCorr   .                        (no gloves)
Will    .....                    y - +1 pair of boots Stlth
                                 (no amulet)
HPRegen 0.29/turn                i - +5 ring of evasion
MPRegen 0.11/turn                (no ring)

@: no status effects
A: no striking features
a: no special abilities


You were on level 5 of the Dungeon.
You visited 2 branches of the dungeon, and saw 6 of its levels.

You collected 520 gold pieces.

Inventory:

Hand Weapons
 a - a +0 flail (weapon)
Armour
 b - a +0 scale mail (worn)
 c - a +0 buckler (worn)
 y - a +1 pair of boots (worn)
Jewellery
 e - a ring of ice
 i - a +5 ring of evasion (left hand)
 q - a ring of magical power
Scrolls
 f - a scroll of noise {unknown}
 g - a scroll of magic mapping {unknown}
 h - 2 scrolls of enchant weapon {unknown}
 j - 2 scrolls of vulnerability {unknown}
 l - 2 scrolls of identify {unknown}
 m - a scroll of enchant armour {unknown}
 n - a scroll of silence {unknown}
 s - a scroll of fog {unknown}
 t - a scroll of blinking {unknown}
 v - a scroll of teleportation {unknown}
 w - a scroll of brand weapon {unknown}
Potions
 d - 3 potions of might
 k - a potion of brilliance {unknown}
 o - a potion of lignification {unknown}
 p - a potion of magic {unknown}
 r - 3 potions of attraction {unknown}
 u - a potion of heal wounds {unknown}
 x - a potion of curing {unknown}


   Skills:
 - Level 3.0 Fighting
 + Level 8.8 Maces & Flails
 - Level 3.0 Armour
 - Level 3.0 Shields


You had 7 spell levels left.
You didn't know any spells.
Your spell library contained the following spells:

 Spells                   Type           Power      Damage    Failure   Level
 Sandblast                Erth           0%         2d4       83%         1
 Shock                    Conj/Air       0%         1d3       83%         1
 Summon Small Mammal      Summ           0%         N/A       83%         1
 Passwall                 Tmut/Erth      0%         N/A       93%         2
 Call Canine Familiar     Summ           0%         N/A       99%         3
 Frozen Ramparts          Ice            0%         1d1       99%         3
 Stone Arrow              Conj/Erth      0%         3d7       99%         3
 Summon Guardian Golem    Hex/Summ       0%         N/A       99%         3
 Swiftness                Air            0%         N/A       99%         3
 Airstrike                Air            0%         2d(0-16)  100%        4
 Ice Form                 Ice/Tmut       0%         N/A       100%        4
 Summon Ice Beast         Ice/Summ       0%         N/A       100%        4


Dungeon Overview and Level Annotations

Branches:
Dungeon (5/15)             Temple (1/1) D:4

Altars:
Cheibriados
Dithmenos
Elyvilon
Fedhas
Hepliaklqana
Kikubaaqudgha
Makhleb
Qazlal
Ru
Trog
Xom
Yredelemnul
Zin
The Shining One

Shops:
D:2 (

Annotations:
D:5 Menkaure


Message History

No target in view!
Okay, then.
Unknown command.
You drop a +0 pair of boots.
Things that are here:
a +0 dagger; a +0 robe
h - 2 scrolls labelled JUFIMOEKHE
Things that are here:
a +0 dagger; a +0 robe
Things that are here:
a +0 mace; a +0 ring mail
Found 9 stones.
Found a robe.
You now have 520 gold pieces (gained 18).
Menkaure, Prince of Dust comes into view.
Menkaure shouts!
Menkaure gestures wildly while chanting.
Menkaure seems to speed up.
Menkaure is nearby!
Menkaure is nearby!
Menkaure is nearby!
Menkaure calls on the powers of darkness!
Your body is wracked with pain!
Menkaure barely misses you.
You hit Menkaure.
Menkaure is moderately damaged.
Menkaure closely misses you.
You hit Menkaure but do no damage.
Menkaure is moderately damaged.
Menkaure barely misses you.
You thump Menkaure!
Menkaure is heavily damaged.
Menkaure hits you!
You hit Menkaure but do no damage.
Menkaure is heavily damaged.
Menkaure calls on the powers of darkness!
Your body is wracked with pain!
* * * LOW HITPOINT WARNING * * *
Menkaure hits you!
You die...

#.......#
#....[..#
#.......#
#..(....#
#.......#
#.......#
#.......#
#.......#
#......@#
####....M......
####....####
#.#### #.# ...
###


You could see Menkaure (fast).

Vanquished Creatures
  A water moccasin (D:5)
  A black bear (D:5)
  A centaur (D:5)
  A bullfrog (D:4)
  A scorpion (D:5)
  2 hounds
  A sleepcap (D:4)
  An iguana (D:5)
  2 orc wizards (D:5)
  Robin (D:4)
  4 gnolls (D:4)
  7 adders
  2 ufetubi (D:4)
  A worm (D:3)
  5 dart slugs
  6 orcs
  9 ball pythons
  4 bats (D:2)
  7 endoplasms
  4 giant cockroaches
  17 goblins
  8 hobgoblins
  6 jackals (D:2)
  5 kobolds
  8 quokkas
  4 frilled lizards (D:1)
  21 rats
130 creatures vanquished.

Notes
Turn   | Place    | Note
-------+----------+-------------------------------------------
     0 | D:1      | cforsyth the Human Fighter began the quest for the Orb.
     0 | D:1      | Reached XP level 1. HP: 18/18 MP: 1/1
   194 | D:1      | Reached XP level 2. HP: 23/24 MP: 2/2
   649 | D:1      | Reached skill level 3 in Maces & Flails
  1053 | D:2      | Found Fiakoge's Antique Weapon Shoppe.
  1070 | D:2      | Reached XP level 3. HP: 29/29 MP: 3/3
  1160 | D:2      | Found a faded altar of an unknown god.
  1458 | D:2      | Reached skill level 4 in Maces & Flails
  1458 | D:2      | Reached XP level 4. HP: 32/35 MP: 4/4
  2217 | D:4      | Noticed Robin
  2397 | D:3      | Reached XP level 5. HP: 38/41 MP: 5/5
  2543 | D:4      | Killed Robin
  2566 | D:4      | Found a staircase to the Ecumenical Temple.
  2615 | D:4      | Reached skill level 5 in Maces & Flails
  2858 | D:4      | Reached XP level 6. HP: 21/47 MP: 6/6
  3002 | D:4      | Reached skill level 6 in Maces & Flails
  3663 | Temple   | Entered the Ecumenical Temple
  3879 | D:4      | Found a glowing golden altar of the Shining One.
  3922 | D:5      | Entered Level 5 of the Dungeon
  3940 | D:5      | Reached XP level 7. HP: 52/52 MP: 7/7
  3949 | D:5      | Reached skill level 7 in Maces & Flails
  4006 | D:5      | Noticed a water moccasin
  4019 | D:5      | Killed a water moccasin
  4223 | D:5      | Reached skill level 8 in Maces & Flails
  4355 | D:5      | Reached XP level 8. HP: 47/58 MP: 8/8
  4489 | D:5      | Found a glowing golden altar of the Shining One.
  4491 | D:5      | Found a broken altar of Ashenzari.
  4491 | D:5      | Found a shadowy altar of Dithmenos.
  4511 | D:5      | Found a shimmering blue altar of Sif Muna.
  4511 | D:5      | Found a shimmering altar of Xom.
  4511 | D:5      | Found a bloodstained altar of Trog.
  4646 | D:5      | Noticed Menkaure
  4654 | D:5      | Slain by Menkaure

Illustrated notes

Levels and vault maps discovered:
D:1:      onia_arrival_pentagram, layout_basic
D:2:      layout_rooms, serial_shops, shop_fountains,
          shapermc_ecumenical_altar_hornbeckon, kennysheep_generic_room_13
D:3:      layout_basic
D:4:      minmay_polygon_palace, layout_basic, nicolae_tso_swordbearing_angel,
          minmay_temple_entry_junction_2, minmay_rat_hole, uniq_robin
D:5:      layout_basic, doesnt_xom_only_xom, uniq_menkaure
Temple:   nicolae_temple_bog_church

Skill      XL: |  1  2  3  4  5  6  7 |
---------------+----------------------+-----
Maces & Flails | 3 4 5 6 8 |  8.8
Fighting       | |  3.0
Armour         | |  3.0
Shields        | |  3.0

Action                     |  1- 3 |  4- 6 |  7- 9 || total
---------------------------+-------+-------+-------++-------
  Melee: Flail             |   114 |   298 |    73 ||   485
   Stab: Distracted        |       |     1 |       ||     1
 Armour: Scale mail        |    39 |   109 |    19 ||   167
  Dodge: Dodged            |    87 |   223 |    55 ||   365
  Block: Buckler           |    26 |    78 |    14 ||   118

Table legend: (Time is in decaauts)
 A = Elapsed time spent in this place.
 B = Non-inter-level travel time spent in this place.
 C = Inter-level travel time spent in this place.
 D = Time resting spent in this place.
 E = Time spent auto-exploring this place.
 F = Levels seen in this place.
 G = Mean time per level.
                   A        B        C        D        E       F      G
               +--------+--------+--------+--------+--------+-----+--------+
         Total |   4762 |   4641 |    121 |    338 |   3330 |   6 |  793.7 |
       Dungeon |   4578 |   4468 |    110 |    338 |   3168 |   5 |  915.6 |
        Temple |    184 |    174 |     10 |      0 |    162 |   1 |  184.0 |
               +--------+--------+--------+--------+--------+-----+--------+

Top non-repeatable levels by time:
     D:4: 1266 daAuts
     D:1: 1049 daAuts
     D:3: 1006 daAuts
     D:5: 734 daAuts
     D:2: 521 daAuts
  Temple: 184 daAuts
